 Dungeon Crawl Stone Soup version 0.19-b1-4-gd8a0a2a (webtiles) character file.

115 dohliylev the Covert (level 4, -1/33 HPs)
             Began as a Vampire Assassin on Oct 30, 2016.
             Killed from afar by an orc wizard (7 damage)
             ... with a magic dart
             ... on level 3 of the Dungeon.
             The game lasted 00:07:15 (1447 turns).

dohliylev the Covert (Vampire Assassin)             Turns: 1447, Time: 00:07:16

Health: -1/33      AC:  0    Str: 10    XL:     4   Next: 68%
Magic:  2/4        EV: 20    Int: 13    God:
Gold:   135        SH:  0    Dex: 21    Spells: 0 memorised, 3 levels left

rFire  . . .     SeeInvis +     (weapon currently unavailable)
rCold  . . .     Gourm    .     (armour currently unavailable)
rNeg   + . .     Faith    .     (shield currently unavailable)
rPois  .         Spirit   .     (helmet currently unavailable)
rElec  .         Reflect  .     (cloak currently unavailable)
rCorr  .         Harm     .     (gloves currently unavailable)
MR     .....                    (boots currently unavailable)
Stlth  ++++++....               (no amulet)
                                (ring currently unavailable)
                                (ring currently unavailable)

@: bat-form, flying, very quick
A: fangs 3, see invisible, (unbreathing)
a: End Transformation


You were on level 3 of the Dungeon.
You were not thirsty.
You were in vampire-bat-form.
You visited 1 branch of the dungeon, and saw 3 of its levels.

You collected 135 gold pieces.

Inventory:

Hand Weapons
 a - a +2 dagger (melded)
 b - a +0 blowgun
Missiles
 f - 9 curare-tipped needles
 k - a tomahawk (quivered)
 n - 3 poisoned needles
Armour
 c - a +0 robe (melded)
 d - a +0 cloak (melded)
Scrolls
 e - a scroll of identify {unknown}
 i - a scroll of magic mapping
 j - a scroll of teleportation
 l - a scroll of enchant armour {unknown}
Potions
 g - 13 potions of blood
 h - a potion of berserk rage {unknown}
 m - a potion of magic {unknown}


   Skills:
 + Level 1.7 Fighting
 + Level 2.9 Short Blades
 + Level 1.7 Throwing
 + Level 2.0 Dodging
 * Level 8.2 Stealth


You had 3 spell levels left.
You didn't know any spells.

Dungeon Overview and Level Annotations

Branches:
Dungeon (3/15)

Altars:
Ru


Innate Abilities, Weirdness & Mutations

You have razor-sharp teeth.
You have supernaturally acute eyesight. (SInv)
((You can survive without breathing.))


Message History

You hit the orc wizard. Your bite misses the orc wizard.
The orc wizard is lightly wounded.
The orc wizard hits you with a dagger.
* * * LOW HITPOINT WARNING * * *
You hit the orc wizard but do no damage.
You bite the orc wizard.
The orc wizard is moderately wounded.
You closely miss the orc wizard. You bite the orc wizard.
The orc wizard is moderately wounded.
The orc wizard hits you but does no damage.
You barely miss the orc wizard.
The orc wizard is moderately wounded.
The orc wizard hits you with a dagger.
* * * LOW HITPOINT WARNING * * *
You turn into a vampire bat.
Your +2 dagger melds into your body.
Your +0 cloak melds into your body.
Your +0 robe melds into your body.
The orc wizard misses you. The orc wizard casts a spell at you.
The magic dart hits you!
You die...

#..#.#.# ..
..).#.# ./.#
#..#.#
.....#..#.####..
......).(.[(....
#######.#.####.##
#.(...oo..#
#..#####..####
#..##.b.......
#..o#.##..####
#.#)#.# .#
#.#.#.#...#
#.#.o.#...#
#.##..#...#
#.##..#...# ..
##.#...# ##
#.#...#


You could see an orc wizard (invisible).

Vanquished Creatures
  5 adders (D:2)
  An ooze (D:1)
  A worm (D:2)
  3 leopard geckos (D:1)
  3 orcs (D:3)
  9 bats
  4 giant cockroaches
  5 goblins
  7 hobgoblins
  4 jackals (D:2)
  3 kobolds
  2 quokkas
  A ball python (D:3)
  A frilled lizard (D:1)
  4 rats
53 creatures vanquished.

Vanquished Creatures (others)
  A bat (D:3)
1 creature vanquished.

Grand Total: 54 creatures vanquished

Notes
Turn   | Place    | Note
-------+----------+-------------------------------------------
     0 | D:1      | dohliylev the Vampire Assassin began the quest for the Orb.
     0 | D:1      | Reached XP level 1. HP: 16/16 MP: 1/1
    36 | D:1      | Reached skill level 6 in Stealth
    65 | D:1      | Reached XP level 2. HP: 20/22 MP: 2/2
   272 | D:1      | You fall through a shaft!
   272 | D:2      | Found a sacrificial altar of Ru.
   498 | D:2      | Reached XP level 3. HP: 27/27 MP: 3/3
   511 | D:2      | Reached skill level 7 in Stealth
   577 | D:2      | Found a faded altar of an unknown god.
   719 | D:2      | Reached XP level 4. HP: 28/33 MP: 4/4
   843 | D:2      | Reached skill level 8 in Stealth
  1447 | D:3      | Killed from afar by an orc wizard

Skill      XL: |  1  2  3  4 |
---------------+-------------+-----
Stealth        | 6 7 8 |  8.2
Dodging        | 2 |  2.0
Fighting       | |  1.7
Short Blades   | |  2.9
Throwing       | |  1.7

Action                   |  1- 3 |  4- 6 || total
-------------------------+-------+-------++-------
Melee: Dagger            |    90 |    79 ||   169
       Bite              |    11 |     6 ||    17
 Fire: Blowgun           |     2 |    13 ||    15
 Abil: Bat Form          |       |     1 ||     1
  Use: Scroll            |       |     3 ||     3
       Potion            |       |     2 ||     2
 Stab: Sleeping          |    10 |     2 ||    12
Armor: Robe              |    19 |    24 ||    43
Dodge: Dodged            |    54 |    69 ||   123
